 Dungeon Crawl Stone Soup version 0.17.1-3-g152610e (webtiles) character file.

8204 Nekros the Fighter (level 11, -6/102 HPs)
             Began as a Black Draconian Berserker on Apr 23, 2016.
             Was an Elder of Trog.
             Mangled by a scorpion (7 damage)
             ... on level 8 of the Dungeon on Apr 26, 2016.
             The game lasted 02:01:27 (7280 turns).

Nekros the Fighter (Black Draconian Berserker)      Turns: 7280, Time: 02:01:27

Health: -6/102     AC: 11    Str: 23    XL:     11   Next: 6%
Magic:  11/11      EV: 17    Int:  7    God:    Trog [****..]
Gold:   369        SH:  0    Dex: 11    Spells: 0 memorised, 10 levels left

rFire  . . .     SeeInvis .     t - +2 flail
rCold  + . .     Clarity  .     (armour unavailable)
rNeg   . . .     SustAt   .     (no shield)
rPois  .         Gourm    .     (helmet restricted)
rElec  +         Spirit   .     (no cloak)
rCorr  .         Warding  .     I - +0 pair of gloves
rMut   .         Stasis   .     e - +2 pair of boots
MR     .....                    (no amulet)
Stlth  +.........               (no ring)
                                u - ring of protection from cold

@: lethally poisoned (-6 -> -7), not resistant to hostile enchantments, very
unstealthy
A: breathe lightning, unfitting armour, electricity resistance, cold-blooded, AC
+7
a: Breathe Lightning, Berserk, Trog's Hand, Brothers in Arms, Burn Spellbooks,
Renounce Religion


You were on level 8 of the Dungeon.
You worshipped Trog.
Trog was greatly pleased with you.
You were hungry.

You visited 1 branch of the dungeon, and saw 8 of its levels.

You collected 369 gold pieces.

Inventory:

Hand Weapons
 a - a +0 mace
 f - a +3 spear of distortion
 k - a +3 hand axe
 s - a +1 whip of flaming
 t - a +2 flail (weapon)
 F - a cursed +2 battleaxe
Armour
 e - a +2 pair of boots (worn)
 I - a +0 pair of gloves (worn)
Jewellery
 d - an uncursed amulet of resist mutation
 u - a ring of protection from cold (left hand)
 C - an uncursed ring of stealth
Wands
 v - a wand of frost (15)
 w - a wand of magic darts (28)
 y - a wand of random effects (15)
 J - a wand of frost (9)
Scrolls
 g - 8 scrolls of remove curse
 i - 2 scrolls of identify
 j - a scroll of amnesia
 l - 3 scrolls of recharging
 m - 2 scrolls of enchant weapon
 o - a scroll of random uselessness
 p - 3 scrolls of noise {unknown}
 x - a scroll of immolation
 A - a scroll of enchant armour
 B - 2 scrolls of teleportation
 D - a scroll of magic mapping {unknown}
 H - a scroll of blinking
Potions
 c - a potion of berserk rage {unknown}
 h - 4 potions of curing
 n - 2 potions of might {unknown}
 q - 2 potions of magic
 r - a potion of cure mutation {unknown}
 E - a potion of lignification {unknown}
 G - a potion of flight {unknown}
Comestibles
 b - 2 bread rations
 z - a beef jerky
 K - a meat ration


   Skills:
 * Level 11.5 Fighting
 + Level 4.2(7.0) Axes
 + Level 8.7(9.2) Maces & Flails
 + Level 10.4 Dodging
 - Level 1.2 Stealth


You had 10 spell levels left.
You didn't know any spells.

Dungeon Overview and Level Annotations

Branches:
Dungeon (8/15)             Temple (0/1) D:6
   Lair: D:8-11

Altars:
Ashenzari
Dithmenos
Fedhas
Kikubaaqudgha
Makhleb
Nemelex Xobeh
Okawaru
Ru
Sif Muna
Trog
Vehumet
Xom
Yredelemnul
Zin
The Shining One

Shops:
D:6 [

Annotations:
D:4 exclusion: statue


Innate Abilities, Weirdness & Mutations

You can breathe wild blasts of lightning.
Your glossy black scales are hard (AC +7).
Your body does not fit into most forms of armour.
You are resistant to electric shocks.
You are cold-blooded and may be slowed by cold attacks.


Message History

The scorpion stings you but does no damage.
You feel sick. The scorpion misses you.
You feel sick. The scorpion stings you.
* * * LOW HITPOINT WARNING * * *
* * * LOW HITPOINT WARNING * * *
You feel sick.
The scorpion stings you but does no damage.
* * * LOW HITPOINT WARNING * * *
You feel sick. The scorpion completely misses you.
The scorpion barely misses you.
* * * LOW HITPOINT WARNING * * *
You feel sick. The scorpion completely misses you.
* * * LOW HITPOINT WARNING * * *
You feel sick.
The scorpion stings you but does no damage.
The scorpion barely misses you.
* * * LOW HITPOINT WARNING * * *
You feel sick. The scorpion misses you. The scorpion stings you!
You die...

#..### ########....###
#.....#.......#.
#.###.......###.
#.######..###.## # #
#....# ####....# ###.#.
####.###......##
......######..##......#.
#...s@#....#.#.....##.
#####.#.#.###......#..
#.#.##.#)......#..
###.#.##..####.....#
#...<.......##.....#
#.#.#.##.##.##......
#.#.....(....##....#
###.###.#..##..###....
#..............###....


You could see a scorpion.

Vanquished Creatures
  Pikel (D:4)
  The ghost of swiech the Grappler, a novice TrMo of Cheibriados (D:6)
  A two-headed ogre (D:8)
  Grinder (D:4)
  Eustachio (D:4)
  A water moccasin (D:7)
  A phantom (D:6)
  2 orc warriors
  A slave (D:4)
  A sky beast (D:5)
  An ice beast (D:6)
  3 centaurs
  3 ogres (D:7)
  9 giant frogs
  A scorpion (D:6)
  5 wights (D:7)
  6 killer bees (D:6)
  A centaur skeleton (D:6)
  3 hounds
  2 centaur zombies (D:8)
  2 crimson imps
  5 orc priests
  2 giant frog skeletons
  2 worker ants (D:6)
  3 iguanas
  6 orc wizards
  2 hound skeletons
  Robin (D:2)
  11 adders
  4 gnolls (D:2)
  An adder zombie (D:6)
  2 adder skeletons
  2 worms
  4 giant geckos
  35 orcs
  6 bats
  14 hobgoblins
  3 quokkas
  2 ball pythons (D:3)
  2 giant cockroaches (D:5)
  5 giant newts
  11 goblins
  20 jackals
  A jackal zombie (D:7)
  11 kobolds
  5 rats
207 creatures vanquished.

Vanquished Creatures (collateral kills)
  An orc warrior (D:7)
  A giant frog (D:7)
  A crimson imp (D:7)
  An orc priest (D:7)
  A shadow imp (D:7)
  7 orcs (D:7)
  2 jackals (D:7)
  2 giant newts (D:7)
16 creatures vanquished.

Vanquished Creatures (others)
  An orc priest (D:4)
  A statue (D:4)
  3 orcs (D:4)
  2 quokkas (D:4)
  A jackal skeleton (D:4)
8 creatures vanquished.

Grand Total: 231 creatures vanquished

Notes
Turn   | Place    | Note
--------------------------------------------------------------
     0 | D:1      | Nekros the Draconian Berserker began the quest for the Orb.
     0 | D:1      | Reached XP level 1. HP: 19/19 MP: 1/1
    59 | D:1      | Reached XP level 2. HP: 25/26 MP: 2/2
   702 | D:2      | Found a deep blue altar of Sif Muna.
   788 | D:2      | Reached ** piety under Trog
   798 | D:2      | Reached XP level 3. HP: 28/33 MP: 3/3
   809 | D:2      | Noticed Robin
   815 | D:2      | Killed Robin
   815 | D:2      | Reached skill level 4 in Fighting
   833 | D:2      | Found a shimmering altar of Xom.
   912 | D:2      | Reached XP level 4. HP: 40/40 MP: 4/4
  1042 | D:2      | Found an iron altar of Okawaru.
  1234 | D:2      | Found a glowing silver altar of Zin.
  1378 | D:2      | Found a glowing golden altar of the Shining One.
  1624 | D:2      | Reached *** piety under Trog
  2006 | D:3      | Reached XP level 5. HP: 33/47 MP: 5/5
  2929 | D:4      | Found a sparkling altar of Nemelex Xobeh.
  3007 | D:4      | Reached XP level 6. HP: 55/55 MP: 6/6
  3041 | D:4      | Noticed Eustachio
  3152 | D:4      | Noticed a slave
  3153 | D:4      | Found a radiant altar of Vehumet.
  3153 | D:4      | Noticed Pikel
  3153 | D:4      | Noticed a slave
  3153 | D:4      | Noticed a slave
  3153 | D:4      | Noticed a slave
  3168 | D:4      | Killed a slave
  3173 | D:4      | Killed Pikel
  3173 | D:4      | Reached skill level 5 in Fighting
  3173 | D:4      | Reached skill level 5 in Maces & Flails
  3173 | D:4      | Reached skill level 5 in Dodging
  3173 | D:4      | Reached skill level 1 in Stealth
  3173 | D:4      | Your scales start taking on a glossy black colour.
  3173 | D:4      | Gained mutation: You are resistant to electric shocks. [Black Draconian growth]
  3173 | D:4      | Reached XP level 7. HP: 61/61 MP: 7/7
  3287 | D:4      | Killed Eustachio
  3287 | D:4      | Reached skill level 6 in Dodging
  3320 | D:4      | Noticed Grinder
  3320 | D:4      | Paralysed by Grinder for 3 turns
  3444 | D:4      | Killed Grinder
  3444 | D:4      | Reached XP level 8. HP: 70/70 MP: 8/8
  3501 | D:5      | Entered Level 5 of the Dungeon
  3687 | D:5      | Reached skill level 7 in Dodging
  3720 | D:5      | Found an ancient bone altar of Kikubaaqudgha.
  3826 | D:5      | Found a shattered altar of Ashenzari.
  3826 | D:5      | Found a burning altar of Makhleb.
  3972 | D:5      | Reached **** piety under Trog
  4228 | D:6      | Found a bloodstained altar of Trog.
  4308 | D:6      | Noticed swiech's ghost (novice TrMo)
  4323 | D:6      | Killed swiech's ghost
  4515 | D:6      | Reached skill level 8 in Dodging
  4515 | D:6      | Reached XP level 9. HP: 68/79 MP: 9/9
  5120 | D:6      | Found Juoveomp's Antique Armour Boutique.
  5255 | D:6      | Found a staircase to the Ecumenical Temple.
  5614 | D:7      | Reached skill level 9 in Dodging
  6152 | D:7      | Reached skill level 11 in Fighting
  6152 | D:7      | Reached skill level 10 in Dodging
  6152 | D:7      | Reached XP level 10. HP: 89/96 MP: 10/10
  6584 | D:8      | Found a shattered altar of Ashenzari.
  6608 | D:8      | Reached XP level 11. HP: 29/102 MP: 11/11
  6947 | D:8      | Found a blossoming altar of Fedhas.
  6947 | D:8      | Found a shadowy altar of Dithmenos.
  6947 | D:8      | Found a basalt altar of Yredelemnul.
  7021 | D:8      | Found a sacrificial altar of Ru.
  7272 | D:8      | HP: 4/102 [scorpion (2)]
  7277 | D:8      | HP: 2/102 [poisoned by a scorpion]
  7280 | D:8      | Mangled by a scorpion

Action                   |  1- 3 |  4- 6 |  7- 9 | 10-12 || total
-------------------------+-------+-------+-------+-------++-------
Melee: Mace              |    75 |   197 |   110 |       ||   382
       Flail             |       |       |   262 |   121 ||   383
Invok: Berserk           |     3 |     4 |    10 |     3 ||    20
       Trog's Hand       |       |     2 |     8 |     4 ||    14
       Brothers in Arms  |       |       |     2 |       ||     2
 Abil: Breathe Lightning |       |       |    14 |     1 ||    15
  Use: Scroll            |     7 |     3 |     6 |     2 ||    18
       Potion            |     4 |     2 |     4 |     1 ||    11
 Stab: Sleeping          |       |     1 |     1 |     1 ||     3
  Eat: Chunk             |     1 |     6 |    14 |     7 ||    28
       Bread ration      |     1 |     1 |     2 |       ||     4
       Beef jerky        |       |       |     1 |       ||     1
